 Dungeon Crawl Stone Soup version 0.28-a0-1632-g283549b12f (webtiles) character file.

Game seed: 8662045960415399318

322 Colgate the Scratcher (level 6, 28/28 HPs)
             Began as a Felid Berserker on Jan 25, 2022.
             Was a Believer of Trog.
             Quit the game on level 5 of the Dungeon.
             The game lasted 00:19:24 (5590 turns).

Colgate the Scratcher (Felid Berserker)             Turns: 5590, Time: 00:19:25

Health: 28/28      AC:  2    Str: 13    XL:     6   Next: 22%
Magic:  7/7        EV: 20    Int:  9    God:    Trog [**....]
Gold:   128        SH:  0    Dex: 23    Spells: 5/5 levels left
                                        Lives:  1   Deaths: 1

rFire   . . .      SeeInvis +     - Unarmed
rCold   . . .      Faith    .   (shield unavailable)
rNeg    . . .      Spirit   .   (armour unavailable)
rPois   .          Reflect  .   (helmet unavailable)
rElec   .          Harm     .   (cloak unavailable)
rCorr   .          Rampage  .   (gloves unavailable)
Will    .....                   (boots unavailable)
Stlth   +++.......              (no amulet)
HPRegen 0.09/turn               h - +6 ring of dexterity
MPRegen 0.10/turn               (no ring)

@: quick
A: very small, claws 1, fangs 3, see invisible, speed 1, shaggy fur 2, stealthy
paws, no weapons or thrown items, no armour, multi-lived
a: Renounce Religion, Berserk, Trog's Hand


You were on level 5 of the Dungeon.
You worshipped Trog.
Trog was pleased with you.
You visited 1 branch of the dungeon, and saw 5 of its levels.

You collected 128 gold pieces.

Inventory:

Jewellery
 h - a +6 ring of dexterity (left paw)
Wands
 q - a wand of flame (13)
Scrolls
 a - a scroll of magic mapping {unknown}
 b - 2 scrolls of amnesia
 c - 2 scrolls of blinking
 d - a scroll of immolation {unknown}
 e - a scroll of teleportation
 g - a scroll of noise
 n - a scroll of fog {unknown}
 o - 2 scrolls of identify {unknown}
Potions
 f - a potion of attraction {unknown}
 i - 4 potions of heal wounds {unknown}
 j - a potion of degeneration {unknown}
 k - a potion of ambrosia {unknown}
 l - a potion of brilliance {unknown}
 m - 2 potions of mutation {unknown}
 p - 2 potions of lignification {unknown}


   Skills:
 - Level 3.0 Fighting
 - Level 4.0 Dodging
 - Level 4.1 Stealth
 + Level 7.8 Unarmed Combat


You had 5 spell levels left.
You didn't know any spells.
Your spell library was empty.

Dungeon Overview and Level Annotations

Branches:
Dungeon (5/15)
 Temple: D:4-7

Altars:
Wu Jian

Annotations:
D:3 2 transporters


Innate Abilities, Weirdness & Mutations

You have sharp claws.
You have razor-sharp teeth.
You have supernaturally acute eyesight. (SInv)
You cover ground quickly. (Speed+)
You are covered in thick fur. (AC +2)
Your paws help you pounce on unaware monsters.
You are incapable of wielding weapons or throwing items.
You cannot wear armour.
You gain extra lives every three experience levels.


Message History

The water moccasin skeleton is heavily damaged.
The water moccasin skeleton misses you.
You barely miss the water moccasin skeleton.
The water moccasin skeleton is heavily damaged.
The water moccasin skeleton completely misses you.
You scratch the water moccasin skeleton.
The water moccasin skeleton is severely damaged.
The water moccasin skeleton barely misses you.
You claw the water moccasin skeleton!
You destroy the water moccasin skeleton!
Trog accepts your kill.
You can now call upon Trog for regeneration and willpower.
Found an escape hatch in the floor.
o - 2 scrolls labelled XIALAE DOP EGAOS (gained 1)
Found 21 sling bullets.
Things that are here:
a +0 leather armour; 17 sling bullets
Found a glowing scarf.
Found a stone staircase leading up.
An ogre comes into view. It is wielding a +0 giant spiked club.
The ogre shouts!
Found an escape hatch in the ceiling.
An orc comes into view. It is wielding a +0 club.
Press: ? - help, v - describe, . - travel
Here: an ogre, wielding a +0 giant spiked club The floor.
Unknown command.
You claw the ogre! You bite the ogre.
The ogre is moderately wounded.
The ogre hits you with a +0 giant spiked club!
There is a stone staircase leading up here.
The ogre hits you with a +0 giant spiked club!!
Ouch! That really hurt!
You die...
You are now level 6!
You rejoin the land of the living...
Unknown command.
Unknown command.
Unknown command.
Are you sure you want to abandon this character and quit the game? (Confirm with "yes".)

############
#.@........#
#..........#
#..........# ######
#.......>..###.....
#..............####
...................
#..........########
#..........# #..
........## #..


There were no monsters in sight!

Vanquished Creatures
  Menkaure (D:4)
  Duvessa (D:4)
  A necrophage (D:4)
  Blork the orc (D:4)
  Dowan (D:4)
  A water moccasin skeleton (D:5)
  A bullfrog skeleton (D:5)
  An iguana (D:4)
  4 adders
  An adder skeleton (D:4)
  A worm (D:4)
  4 orcs (D:4)
  7 ball pythons
  4 bats
  7 endoplasms
  A giant cockroach (D:1)
  6 goblins
  5 hobgoblins
  4 kobolds
  5 quokkas
  4 frilled lizards
  A rat (D:3)
62 creatures vanquished.

Notes
Turn   | Place    | Note
-------+----------+-------------------------------------------
     0 | D:1      | Colgate the Felid Berserker began the quest for the Orb.
     0 | D:1      | Reached XP level 1. HP: 10/10 MP: 2/2
   542 | D:1      | Reached XP level 2. HP: 14/14 MP: 3/3
  1242 | D:2      | Reached skill level 4 in Unarmed Combat
  1305 | D:2      | Reached XP level 3. HP: 16/17 MP: 4/4
  2289 | D:3      | Found a transporter.
  2289 | D:3      | Found a transporter.
  2591 | D:3      | Found a faded altar of an unknown god.
  2873 | D:3      | Found an ornate altar of the Wu Jian Council.
  2933 | D:3      | Reached XP level 4. HP: 19/21 MP: 5/5
  3235 | D:4      | Reached ** piety under Trog
  3339 | D:4      | Reached skill level 5 in Unarmed Combat
  3462 | D:4      | Noticed a necrophage
  3538 | D:4      | Noticed Duvessa
  3573 | D:4      | Killed Duvessa
  3574 | D:4      | Reached skill level 6 in Unarmed Combat
  3574 | D:4      | Reached XP level 5. HP: 24/24 MP: 6/6
  3574 | D:4      | Noticed Dowan
  3644 | D:4      | Killed Dowan
  3736 | D:4      | Noticed Menkaure
  3780 | D:4      | Killed Menkaure
  3781 | D:4      | Gained mutation: You are covered in thick fur. (AC +2)
                  | [Felid growth]
  3781 | D:4      | Reached XP level 6. HP: 13/28 MP: 7/7
  4236 | D:4      | Reached skill level 7 in Unarmed Combat
  4313 | D:4      | Noticed Blork the orc
  4321 | D:4      | Killed Blork the orc
  4398 | D:4      | Reached XP level 7. HP: 31/31 MP: 8/8
  5353 | D:5      | Entered Level 5 of the Dungeon
  5589 | D:5      | Slain by an ogre
  5590 | D:5      | Reached XP level 6. HP: 0/28 MP: 7/7
  5590 | D:5      | Quit the game

Illustrated notes

Levels and vault maps discovered:
D:1:      giann_horns, layout_basic
D:2:      layout_basic
D:3:      gammafunk_steamed_eel, layout_basic,
          mainiacjoe_overflow_small_starburst, shapermc_ecumenical_altar_ellora
D:4:      layout_loops_ring, uniq_duvessa, uniq_blork_the_orc, uniq_menkaure
D:5:      layout_rooms

Skill      XL: |  1  2  3  4  5  6 |
---------------+-------------------+-----
Unarmed Combat | 4 6 7 |  7.8
Stealth        | 2 4 |  4.1
Fighting       | |  3.0
Dodging        | |  4.0

Action                   |  1- 3 |  4- 6 |  7- 9 || total
-------------------------+-------+-------+-------++-------
Melee: Unarmed           |   101 |    34 |    27 ||   162
       Bite              |     6 |     5 |     2 ||    13
       Punch             |     2 |     2 |     1 ||     5
Invok: Berserk           |     3 |     4 |     1 ||     8
       Trog's Hand       |       |     1 |       ||     1
  Use: Scroll            |       |       |     4 ||     4
 Stab: Sleeping          |     2 |     2 |     3 ||     7
       Distracted        |       |     1 |       ||     1
Armor: Skin              |       |       |     1 ||     1
Dodge: Dodged            |    84 |    20 |    13 ||   117

Table legend: (Time is in decaauts)
 A = Elapsed time spent in this place.
 B = Non-inter-level travel time spent in this place.
 C = Inter-level travel time spent in this place.
 D = Time resting spent in this place.
 E = Time spent auto-exploring this place.
 F = Levels seen in this place.
 G = Mean time per level.
                   A        B        C        D        E       F      G
               +--------+--------+--------+--------+--------+-----+--------+
         Total |   4882 |   4629 |    253 |    330 |   3457 |   5 |  976.4 |
       Dungeon |   4882 |   4629 |    253 |    330 |   3457 |   5 |  976.4 |
               +--------+--------+--------+--------+--------+-----+--------+

Top non-repeatable levels by time:
     D:4: 1607 daAuts
     D:3: 1168 daAuts
     D:1: 1011 daAuts
     D:2: 950 daAuts
     D:5: 145 daAuts
